Map: [ESL] Moondance

Players

NightMare

  • Race: Protoss Protoss
  • League: Master
  • Spawn Location: 6:00

Astrea - Winner!

  • Race: Protoss Protoss
  • League: Grandmaster
  • Spawn Location: 12:00

Event: TSL 9

VOD

Have the link to the VOD?

Description

Time

  • Played on: July 29, 2022, 9:51 a.m.
  • Length: 12:29

All games in this series

Show
View Real Time Build Order
Export as new Build Order

NightMare Protoss 

Build Orders:  

Get SALT Encoding   

  12  0:00  Probe  
  13  0:12  Probe  
  14  0:17  Pylon  
  14  0:24  Probe (Chrono Boost)  
  15  0:36  Gateway, Probe (Chrono Boost)  
  16  0:45  Probe (Chrono Boost), Assimilator  
  17  0:50  Probe  
  18  1:03  Probe (Chrono Boost)  
  19  1:05  Assimilator  
  19  1:08  Gateway  
  19  1:13  Probe (Chrono Boost)  
  19  1:18  Probe (Chrono Boost)  
  20  1:24  Cybernetics Core  
  21  1:29  Probe  
  22  1:34  Pylon  
  22  1:41  Probe  
  23  1:52  Pylon  
  24  2:00  Warp Gate (Chrono Boost)  
  23  2:02  Adept, Stalker  
  26  2:15  Pylon  
  26  2:31  Pylon  
  26  2:32  Stalker x2  
  30  2:39  Robotics Facility  
  30  2:42  Gateway  
  30  3:02  Stalker x2  
  32  3:20  Pylon  
  32  3:24  Warp Prism (Chrono Boost), Probe  
  29  3:39  Probe  
  30  3:51  Probe  
  31  4:03  Probe  
  31  4:06  Adept, Sentry x2  
  31  4:08  Sentry x2  
  31  4:09  Stalker  
  38  4:15  Probe  
  35  4:31  Stalker x2  
  37  4:50  Probe  
  36  5:02  Probe  
  36  5:05  Adept x2  
  39  5:20  Probe  
  30  5:32  Probe (Chrono Boost)  
  28  5:44  Probe (Chrono Boost)  
  28  5:49  Probe (Chrono Boost)  
  29  5:59  Probe  
  30  6:11  Probe  
  31  6:23  Probe (Chrono Boost)  
  32  6:35  Probe (Chrono Boost)  
  33  6:41  Shield Battery  
  33  6:43  Probe (Chrono Boost)  
  34  6:49  Probe  
  35  7:01  Probe  
  35  7:02  Stalker x2  
  35  7:06  Observer  
  41  7:13  Probe  
  42  7:23  Pylon  
  42  7:26  Probe  
  43  7:38  Probe  
  44  7:51  Probe  
  45  8:03  Probe  
  46  8:15  Nexus, Probe  
  47  8:20  Twilight Council  
  47  8:27  Probe  
  47  8:32  Pylon  
  48  8:39  Probe  
  49  8:51  Probe  
  49  8:55  Blink (Chrono Boost)  
  48  9:04  Observer  
  48  9:07  Immortal  
  48  9:08  Probe (Chrono Boost)  
  53  9:20  Probe (Chrono Boost)  
  54  9:27  Probe (Chrono Boost)  
  54  9:29  Observer  
  54  9:30  Probe (Chrono Boost)  
  56  9:35  Probe  
  56  9:36  Sentry x2  
  56  9:38  Observer  
  61  9:41  Shield Battery, Probe  
  62  9:48  Immortal  
  66  9:55  Probe x2  
  68  10:00  Observer  
  67  10:07  Stalker  
  67  10:08  Stalker  
  67  10:10  Stalker  
  67  10:11  Probe  
  67  10:14  Probe  
  75  10:23  Probe  
  75  10:33  Sentry  
  75  10:34  Stalker  
  77  10:36  Warp Prism  
  77  10:42  Sentry  
  78  10:44  Assimilator  
  78  10:47  Pylon  
  78  11:00  Probe  
  78  11:05  Probe  
  78  11:15  Stalker  
  78  11:16  Sentry  
  78  11:19  Stalker  
  78  11:20  Probe x2  
  76  11:32  Probe x2  
  77  11:43  Nexus  
  77  11:44  Stalker x2  
  77  11:45  Stalker, Pylon  
Show
View Real Time Build Order
Export as new Build Order

Astrea Protoss - Winner!

Build Orders: Oracle Opening 

Get SALT Encoding   

  12  0:00  Probe  
  13  0:12  Probe  
  14  0:17  Pylon  
  14  0:24  Probe (Chrono Boost)  
  15  0:36  Gateway, Probe (Chrono Boost)  
  16  0:44  Probe (Chrono Boost)  
  16  0:45  Assimilator  
  17  0:51  Probe  
  17  0:53  Assimilator  
  18  1:03  Probe (Chrono Boost)  
  19  1:07  Pylon  
  20  1:12  Probe (Chrono Boost)  
  20  1:17  Probe (Chrono Boost)  
  20  1:23  Cybernetics Core  
  21  1:29  Probe  
  21  1:30  Zealot  
  24  1:37  Pylon  
  24  1:41  Probe  
  25  1:53  Probe  
  26  2:01  Stargate  
  26  2:05  Stalker  
  29  2:08  Probe  
  29  2:12  Warp Gate  
  29  2:35  Stalker  
  31  2:42  Shield Battery, Oracle (Chrono Boost)  
  34  3:02  Nexus  
  34  3:04  Probe  
  31  3:17  Oracle  
  34  3:21  Probe  
  35  3:40  Robotics Facility  
  35  3:41  Shield Battery  
  35  3:46  Gateway  
  35  3:49  Gateway  
  35  4:02  Stalker  
  34  4:12  Oracle  
  37  4:18  Nexus  
  37  4:37  Stalker  
  39  4:45  Stalker  
  37  4:47  Stalker  
  35  5:02  Probe  
  36  5:25  Probe (Chrono Boost)  
  31  5:37  Probe (Chrono Boost)  
  31  5:38  Probe (Chrono Boost)  
  31  5:41  Immortal  
  36  5:45  Probe (Chrono Boost)  
  36  5:47  Probe (Chrono Boost)  
  38  5:52  Probe  
  39  5:57  Probe  
  40  6:06  Phoenix  
  40  6:07  Probe (Chrono Boost)  
  40  6:09  Probe (Chrono Boost)  
  46  6:19  Probe (Chrono Boost)  
  46  6:20  Probe (Chrono Boost)  
  46  6:24  Probe (Chrono Boost)  
  46  6:29  Immortal  
  46  6:32  Probe  
  52  6:37  Probe  
  53  6:44  Probe  
  54  7:00  Pylon  
  54  7:13  Pylon  
  54  7:15  Warp Prism (Chrono Boost)  
  54  7:18  Probe x2  
  58  7:31  Nexus  
  58  7:34  Probe  
  58  7:35  Sentry  
  61  7:39  Probe  
  61  7:44  Observer, Pylon  
  63  7:52  Pylon  
  63  8:01  Pylon  
  63  8:02  Probe x2  
  63  8:04  Sentry x2  
  69  8:10  Immortal (Chrono Boost)  
  73  8:14  Probe x2  
  75  8:26  Probe x2  
  77  8:38  Probe x2  
  79  8:42  Immortal (Chrono Boost)  
  79  8:44  Probe  
  84  8:50  Probe  
  84  8:55  Probe  
  84  9:03  Probe  
  84  9:05  Probe, Stalker x2  
  84  9:06  Stalker  
  92  9:10  Probe  
  92  9:12  Gateway  
  92  9:13  Gateway  
  92  9:15  Probe  
  94  9:18  Immortal (Chrono Boost)  
  98  9:25  Probe  
  98  9:26  Probe  
  98  9:27  Pylon  
  98  9:28  Probe  
  101  9:39  Assimilator  
  101  9:45  Probe x3  
  104  9:46  Pylon  
  104  9:48  Stalker x2  
  104  9:50  Pylon  
  108  9:54  Pylon  
  108  9:56  Forge  
  108  9:57  Twilight Council  
  108  9:58  Probe  
  109  10:02  Immortal (Chrono Boost)  
  113  10:07  Probe  
  113  10:09  Probe  
  113  10:12  Probe  
  113  10:13  Assimilator  
  116  10:15  Pylon  
  116  10:16  Stalker  
  116  10:19  Stalker  
  120  10:28  Probe  
  117  10:31  Stalker x3  
  117  10:32  Probe x2  
  123  10:38  Assimilator  
  121  10:44  Adept  
  121  10:45  Adept  
  121  10:49  Probe x3  
  128  10:51  Pylon  
  128  11:17  Stalker x5  
  132  11:18  Probe x2  
  132  11:28  Probe  
  132  11:32  Nexus  
  131  11:41  Gateway, Assimilator  
  131  11:43  Gateway x2  
  131  11:44  Gateway  
  128  11:54  Stalker x3  
  128  11:55  Stalker x2  
Tags
 
Add a new tag
Caveats
  • Supply blocks, unpowered buildings, or Contaminate may cause inaccurate times.
  • Supply counts are checked every 10 seconds.